AoeStats
← Toxic_Lightning_Farts75

Pilgrims

509641520Analyzed
2v2 RM · 4d ago on Sep 27, 2026· 39m 59s· 4 players
Game mode
Random Map
Map size
Medium (4 player)
Population
200
Speed
Normal
Resources
Standard
Victory
Conquest
Starting age
Dark Age
Ending age
Imperial Age
RankedLock teamsTeams togetherTeam positionsShared explorationLock speedFull tech treeHidden civsTurbo modeCheats
Victory
Defeat
🇷🇺 Magyars · Russia
760
+14
🇺🇸 Britons · United States
665
+18
🇮🇳 Huns · India
725
-17
🇪🇸 Aztecs · Spain
694
-15
Leon926372
7:34 Loom
21:38 Feudal Age
22:16 Fishing Lines
27:27 Castle Age
25:12 Man-at-Arms
26:50 Scale Mail Armor
30:16 Chain Mail Armor
30:48 Gillnets
nilendra.sinha
A V A N G A R D
7:30 Loom
11:24 Feudal Age
11:55 Double-Bit Axe
11:53 Fishing Lines
12:28 Town Watch
19:09 Castle Age
17:48 Man-at-Arms
18:57 Arson
19:01 Horse Collar
20:19 Gold Mining
22:07 Bow Saw
24:07 Wheelbarrow
24:20 Scale Mail Armor
24:45 Long Swordsman
25:59 Scale Barding Armor
28:17 Stone Mining
28:38 Heavy Plow
30:07 Hand Cart
32:02 Chain Mail Armor
32:28 Gold Shaft Mining
31:17 Crossbowman
31:44 Pikeman
42:09 Imperial Age
40:28 Fletching
40:39 Padded Archer Armor
Toxic_Lightning_Farts75
14:48 Feudal Age
17:55 Wheelbarrow
21:06 Castle Age
24:56 Wheelbarrow
25:20 Fletching
36:20 Imperial Age
37:01 Hand Cart
Connection lost

Rejoining the realm…

Still unreachable

The connection could not be restored.

Session expired

The server has moved on; the page needs a fresh start.